 Dungeon Crawl Stone Soup version 0.26.1-11-gd32895ea62 (webtiles) character file.

Game seed: 4218285103879422787

225 robloxmaster the Chopper (level 6, -2/56 HPs)
             Began as a Hill Orc Monk on May 18, 2021.
             Killed by divine providence
             ... invoked by an orc priest
              (15 damage)
             ... on level 3 of the Dungeon.
             The game lasted 00:06:04 (4438 turns).

robloxmaster the Chopper (Hill Orc Monk)            Turns: 4438, Time: 00:06:05

Health: -2/56      AC:  4    Str: 15 (16) XL:     6   Next: 1%
Magic:  6/6        EV: 12    Int:  9 (10) God:
Gold:   169        SH:  0    Dex: 10 (13) Spells: 5/5 levels left

rFire    . . .     SeeInvis .   a - +0 hand axe
rCold    . . .     Faith    .   (no shield)
rNeg     . . .     Spirit   .   b - +0 robe
rPois    .         Reflect  .   e - +0 helmet
rElec    .         Harm     .   (no cloak)
rCorr    .         Rampage  .   n - +0 pair of gloves
Will     .....                  (no boots)
Stlth    ++........             (no amulet)
HPRegen  0.18/turn              (no ring)
MPRegen  0.10/turn              (no ring)

@: brilliant
A: no striking features
a: Convert to Beogh


You were on level 3 of the Dungeon.
You visited 1 branch of the dungeon, and saw 3 of its levels.

You collected 169 gold pieces.

Inventory:

Hand Weapons
 a - a +0 hand axe (weapon)
Armour
 b - a +0 robe (worn)
 e - a +0 helmet (worn)
 m - a +0 buckler
 n - a +0 pair of gloves (worn)
Scrolls
 c - 3 scrolls of remove curse {unknown}
 f - 3 scrolls of teleportation {unknown}
 g - a scroll of fear {unknown}
 i - a scroll of enchant armour {unknown}
 j - a scroll of blinking {unknown}
 k - a scroll of identify {unknown}
 l - a scroll of random uselessness {unknown}
 q - 2 scrolls of magic mapping {unknown}
Potions
 d - a potion of degeneration


   Skills:
 + Level 5.1 Fighting
 + Level 5.6 Axes
 + Level 3.0 Armour
 - Level 2.4 Dodging
 - Level 1.5 Stealth
 + Level 2.1 Shields


You had 5 spell levels left.
You didn't know any spells.
Your spell library was empty.

Dungeon Overview and Level Annotations

Branches:
Dungeon (3/15)

Altars:
Kikubaaqudgha


Message History

The orc priest burns you.
You feel much better.
The orc priest hits you but does no damage.
You hit the orc priest.
The orc priest is almost dead.
The orc priest invokes the aid of Beogh against you.
Beogh smites you!
You hit the orc priest.
The orc priest is almost dead.
The orc priest barely misses you.
You closely miss the orc priest.
The orc priest is almost dead.
The orc priest calls down the wrath of Beogh upon you.
Beogh smites you!
* * * LOW HITPOINT WARNING * * *
You hit the orc priest but do no damage.
The orc priest is almost dead.
The orc priest calls down the wrath of Beogh upon you.
Beogh smites you!
You die...

........<# ######...#
################# #.#
#..........# #.#
####.########.#
#.###########.......# #.#
..##.....oo....oo...# #.#
..............##o#..# #.#
.o##.###########@#..#####.#
.###.# #.#........# ..†..#
#.##.####..# .##..#####
#..........# .........#
####.####.## .##..###.# #.#
#.# ###..###.# #.####.#
#....#.# #......# #.##.#.#
######.#


You could see 3 orc priests.

Vanquished Creatures
  Ijyb (D:3)
  Natasha (D:3)
  3 gnolls (D:3)
  8 adders
  An ooze (D:3)
  4 leopard geckos
  6 orcs (D:3)
  7 bats
  2 giant cockroaches
  3 goblins
  8 hobgoblins
  2 jackals (D:2)
  7 frilled lizards
  6 kobolds
  A leopard gecko zombie (D:2)
  8 rats
68 creatures vanquished.

Vanquished Creatures (others)
  A rat (D:1)
1 creature vanquished.

Grand Total: 69 creatures vanquished

Notes
Turn   | Place    | Note
-------+----------+-------------------------------------------
     0 | D:1      | robloxmaster the Hill Orc Monk began the quest for the Orb.
     0 | D:1      | Reached XP level 1. HP: 19/19 MP: 1/1
   117 | D:1      | HP: 1/20 [hobgoblin/+0 club (6)]
   471 | D:1      | Reached XP level 2. HP: 27/27 MP: 2/2
   566 | D:1      | Reached skill level 1 in Armour
  1262 | D:2      | Reached XP level 3. HP: 33/33 MP: 3/3
  1994 | D:2      | Reached XP level 4. HP: 33/41 MP: 4/4
  2330 | D:2      | Reached skill level 5 in Axes
  2482 | D:2      | Found an ancient bone altar of Kikubaaqudgha.
  3065 | D:3      | Reached skill level 1 in Shields
  3212 | D:3      | Noticed Natasha
  3216 | D:3      | Noticed Ijyb
  3233 | D:3      | Killed Natasha
  3234 | D:3      | Reached XP level 5. HP: 36/46 MP: 5/5
  3260 | D:3      | Killed Ijyb
  3725 | D:3      | Reached skill level 5 in Fighting
  4428 | D:3      | Reached XP level 6. HP: 41/56 MP: 6/6
  4438 | D:3      | Killed from afar by an orc priest

Illustrated notes

Levels and vault maps discovered:
D:1:      nicolae_arrival_washed_ashore, layout_basic, lemuel_flame_loot_1
D:2:      layout_basic, marbit_many_paths, serial_corexii_hall,
          chequers_hall_statues_corner_a, chequers_hall_statues_corner_a,
          uniq_crazy_yiuf_cottage
D:3:      layout_loops_ring, uniq_ijyb, uniq_natasha

Skill      XL: |  1  2  3  4  5 |
---------------+----------------+-----
Armour         | 1 2 3 |  3.0
Fighting       | 4 5 |  5.1
Axes           | 5 |  5.6
Shields        | 1 2 |  2.1
Dodging        | |  2.4
Stealth        | |  1.5

Action                   |  1- 3 |  4- 6 || total
-------------------------+-------+-------++-------
Melee: Hand axe          |   128 |   184 ||   312
  Use: Potion            |     2 |     9 ||    11
 Stab: Sleeping          |     3 |     3 ||     6
Armor: Robe              |    13 |    39 ||    52
Dodge: Dodged            |    88 |   122 ||   210
